 Dungeon Crawl Stone Soup version 0.15.2 (webtiles) character file.

150361 magipi the Executioner (level 17, -2/140 HPs)
             Began as a Hill Orc Berserker on Sept 2, 2015.
             Was the Champion of Trog.
             Slain by an alligator snapping turtle (27 damage)
             ... on Level 3 of the Shoals.
             The game lasted 03:28:20 (22652 turns).

magipi the Executioner (Hill Orc Berserker)        Turns: 22652, Time: 03:28:20

HP  -2/140       AC 21     Str 26      XL: 17   Next: 23%
MP  30/30        EV 10     Int 10      God: Trog [******]
Gold 744         SH  0     Dex 20      Spells:  0 memorised, 16 levels left

rFire  + + .     SeeInvis +     a - +11 battleaxe of the Seven Lives {chop, rN+ SInv}
rCold  + + .     Clarity  .     X - +1 ring mail of Shielding {rF++ Stlth---}
rNeg   + . .     rCorr    .     (no shield)
rPois  .         rRot     .     T - +1 helmet of Tremyet {Str+1 Int+3}
rElec  .         Spirit   .     H - +2 cloak {rC+}
SustAb +         Warding  .     m - +1 pair of gloves
rMut   .         Stasis   .     Q - +2 pair of boots {run}
Gourm  .                        Y - amulet "Kloptib" {Faith rC+ Dex+3 SInv}
MR     +....                    r - ring of regeneration
                                I - ring of Trajas {SustAb Str+3 Dex+2}

@: flying, mesmerised, held, quick, somewhat resistant to hostile enchantments,
extremely unstealthy
A: talons 1
a: Burn Spellbooks, Berserk, Trog's Hand, Brothers in Arms, Renounce Religion
}: 1/15 runes: gossamer


You were on level 3 of the Shoals.
You worshipped Trog.
Trog was exalted by your worship.
You were not hungry.

You visited 6 branches of the dungeon, and saw 36 of its levels.
You also visited: Ice Cave.

You collected 3018 gold pieces.
You spent 2274 gold pieces at shops.

Inventory:

Hand weapons
 a - the +11 battleaxe of the Seven Lives (weapon) {chop, rN+ SInv}
   (Trog gifted it to you on level 2 of the Lair of Beasts)

   It inflicts extra damage upon your enemies.
   It protects you from negative energy.
   It enhances your eyesight.
 b - a +0 blowgun
 u - the +4 battleaxe of Tiupus {flame, Dex+3}
   (Trog gifted it to you in an ice cave)

   It emits flame when wielded, causing extra injury to most foes and up to
   double damage against particularly susceptible opponents.
   Big, fiery blades are also staple armaments of hydra-hunters.
   It affects your dexterity (+3).
 z - the cursed +0 blowgun of Lulueg {evade, Dex+3 Int-3, unknown}
   (You found it on level 2 of the Spider Nest)

   It affects your evasion (+5 to EV).
   It affects your intelligence (-3).
   It affects your dexterity (+3).
   It has a curse placed upon it.
 W - a +2 executioner's axe of electrocution
 Z - a +2 antimagic executioner's axe
Missiles
 g - 5 silver javelins
 j - 16 curare-tipped needles
 t - 85 poisoned needles
 A - a throwing net
 M - a javelin (quivered)
Armour
 m - a +1 pair of gloves (worn)
 x - a +2 leather armour of poison resistance
 H - a +2 cloak of cold resistance (worn)
 Q - a +2 pair of boots of running (worn)
 T - the +1 helmet of Tremyet (worn) {Str+1 Int+3}
   (You found it on level 2 of the Lair of Beasts)

   It affects your strength (+1).
   It affects your intelligence (+3).
 X - the cursed +1 ring mail of Shielding (worn) {rF++ Stlth---}
   (You found it on level 1 of the Shoals)

   It greatly protects you from fire.
   It makes you much less stealthy.
   It has a curse placed upon it.
Magical devices
 d - a wand of digging (14)
 y - a wand of fireball (3)
 G - a wand of digging (8)
 R - a wand of disintegration (9)
Comestibles
 p - 10 bread rations
 L - 13 meat rations
Scrolls
 e - 2 scrolls of enchant armour
 f - 11 scrolls of teleportation
 i - 7 scrolls of enchant weapon
 l - 3 scrolls of identify
 o - 2 scrolls of blinking
 D - 4 scrolls of recharging
 F - 5 scrolls of fear
 K - 2 scrolls of fog
 N - 9 scrolls of remove curse
 O - 3 scrolls of magic mapping
Jewellery
 n - an uncursed ring of positive energy
 r - a ring of regeneration (right hand)
 v - an uncursed ring of sustain abilities
 I - the ring of Trajas (left hand) {SustAb Str+3 Dex+2}
   (You found it on level 2 of the Shoals)

   [ring of sustain abilities]

   It sustains your strength, intelligence and dexterity.
   It affects your strength (+3).
   It affects your dexterity (+2).
 J - an uncursed ring of flight
 P - an uncursed ring of fire
 Y - the amulet "Kloptib" (around neck) {Faith rC+ Dex+3 SInv}
   (You bought it in a shop on level 11 of the Dungeon)

   [amulet of faith]

   It allows you to gain divine favour quickly.
   It affects your dexterity (+3).
   It protects you from cold.
   It enhances your eyesight.
Potions
 c - 2 potions of cancellation
 k - 2 potions of restore abilities
 q - a potion of invisibility
 s - a potion of heal wounds
 w - 5 potions of curing
 B - 4 potions of might
 S - a potion of resistance
 U - 3 potions of agility
 V - a potion of haste
Books
 h - a book of Wizardry

   Spells                             Type                      Level
   Agony                              Necromancy                   5
   Force Lance                        Conjuration                  5
   Dispersal                          Translocation                6
   Haste                              Charms                       6
   Invisibility                       Hexes                        6
   Spellforged Servitor               Conjuration/Summoning        7
   Trog disapproves of the use of such an item.
Miscellaneous
 C - a phial of floods


   Skills:
 - Level 10.2 Fighting
 - Level 24.4 Axes
 + Level 4.2 Throwing
 + Level 13.2 Armour
 + Level 11.3 Dodging
 - Level 11.0 Evocations


You had 16 spell levels left.
You didn't know any spells.

Dungeon Overview and Level Annotations

Branches:
Dungeon (15/15)            Temple (1/1) D:5             Orc (4/4) D:9
    Elf (0/3) Orc:4          Lair (8/8) D:10         Shoals (3/5) Lair:6
 Spider (5/5) Lair:4        Slime (0/6) Lair:8       Depths (0/5) D:15
 Vaults: D:13-14

Altars:
Ashenzari
Cheibriados
Dithmenos
Elyvilon
Fedhas
Kikubaaqudgha
Makhleb
Nemelex Xobeh
Okawaru
Qazlal
Sif Muna
Trog
Vehumet
Xom
Yredelemnul
Zin
The Shining One
Beogh
Jiyva

Shops:
D:6 }   D:9 %   D:11 =   Orc:2 =   Orc:4 [=(}

Annotations:
D:3 magipi's ghost, average GrSk
Spider:3 Yazd's ghost, mighty DgFE


Innate Abilities, Weirdness & Mutations

You have sharp toenails.

Vault maps used:
D:1:      minmay_arrival_shoal_huts, nemelex_diamond_rough_becter
D:2:      old_standard_altar, lemuel_round_altar, first_bread, hex_medium
D:3:      evilmike_ruin_ashenzari, minivault_19
D:4:      uniq_sigmund
D:5:      minmay_temple_entry_fiery
D:6:      serial_shops, nicolae_shop_stone, st_stairs_13,
          yredelemnul_altar_generic
D:7:      basic_altar, minivault_23, uniq_crazy_yiuf_cottage
D:8:      overflow_temple_1_default, gammafunk_temple_overflow_wave,
          serial_bayou_pond_c, grunt_decor_cap, uniq_grum
D:9:      orc_0_dummy, serial_shops, shop, basic_altar, grunt_ogre_cave,
          uniq_joseph
D:10:     erik_lair_island
D:11:     serial_shops, nicolae_shop_temple_entry_statues_fountains, uniq_urug
D:13:     grunt_vaults_entry_tiered
D:14:     lemuel_crystal_altar
D:15:     grunt_enter_depths_hoard, minmay_misc_feat_tower
Temple:   bh_familiar_temple
Orc:1:    basic_altar, uniq_psyche, uniq_blork_the_orc
Orc:2:    basic_altar, serial_shops, shop
Orc:3:    nicolae_orc_pool_cavern
Orc:4:    grunt_orc_tribal_feast, nicolae_orc_sculptors_studio,
          kennysheep_orc_chapel
Lair:1:   lemuel_fruit_fields
Lair:2:   beast_lair_carwin_7
Lair:3:   st_stairs_13, minivault_23, beast_lair_carwin_1
Lair:4:   spider_nest_entry_a, st_stairs_10
Lair:5:   st_stairs_4, wad_woods_road_02
Lair:6:   minmay_shoals_entry_hut, grunt_megastairs_3
Lair:7:   zaba_anthole, uniq_snorg
Lair:8:   wormcave, hangedman_lair_in_review, slime_altar_1,
          infiniplex_staircase_pool_2, uniq_harold
Shoals:2: uniq_asterion
Shoals:3: nicolae_shoals_siren_and_animal_friends
Spider:2: special_room, uniq_arachne
Spider:3: spider_trap
Spider:4: uniq_mara, uniq_aizul, uniq_donald
Spider:5: grunt_spider_rune_parallel, portal_ice_cave_entry_frozen_things,
          baited_tele_trap
IceCv:    ice_cave_caverns_02


Message History

The alligator is severely wounded.
The pull of her song draws you forwards.
The alligator bites you but does no damage.
The alligator tail-slaps you.
A harpy comes into view.
The harpy screeches!
The alligator barely misses you. The alligator misses you.
You slice the alligator!!
The alligator is almost dead.
The pull of her song draws you forwards.
The merfolk throws a tomahawk.
The tomahawk hits you but does no damage.
Drink which item? (? for menu, Esc to quit)
You feel very buoyant.
You fly up into the air.
The faun shoots a sling bullet.
The sling bullet hits you but does no damage.
The alligator bites you but does no damage.
The alligator closely misses you.
The alligator snapping turtle bites you from afar!
The siren chants her luring song.
The harpy claws you but does no damage. The harpy completely misses you.
The merfolk throws a tomahawk.
The tomahawk misses you.
The tomahawk hits the harpy!!
You barely miss the harpy.
The harpy is heavily wounded.
You slice the siren!!
The siren is moderately wounded.
You slash the alligator!
You kill the alligator!
Trog accepts your kill. Something appears at your feet!
You hear a splash.
Trog grants you a gift! The harpy completely misses you. The harpy misses you.
The alligator snapping turtle bites you from afar!!!
The merfolk throws a tomahawk.
The tomahawk closely misses you.
The faun shoots a sling bullet.
The sling bullet misses you.
You hear a splash.
You slice the siren!!
The siren is heavily wounded.
The harpy completely misses you. The harpy closely misses you.
The merfolk throws a tomahawk.
The tomahawk hits you.
You hear a splash.
The alligator snapping turtle bites you but does no damage.
Unknown command.
You slash the siren!
The siren is severely wounded.
You barely miss the harpy.
The harpy is heavily wounded.
The harpy barely misses you. The harpy misses you.
The faun shoots a sling bullet.
The sling bullet hits you!!
* * * LOW HITPOINT WARNING * * *
You hear a splash.
The siren chants her luring song.
A merfolk comes into view. It is wielding a trident.
Drink which item? (? for menu, Esc to quit)
You feel much better. The harpy closely misses you.
The harpy claws you but does no damage.
The merfolk throws a tomahawk.
The tomahawk barely misses you.
The alligator snapping turtle bites you from afar!!!
* * * LOW HITPOINT WARNING * * *
The faun shoots a sling bullet.
The sling bullet hits you but does no damage.
You hear a splash.
The merfolk throws a throwing net.
The throwing net hits you.
You become entangled in the net!
You hear a splash.
Unknown command.
Unknown command.
Drink which item? (? for menu, Esc to quit)
You feel much better.
The merfolk throws a tomahawk.
The tomahawk hits you!
* * * LOW HITPOINT WARNING * * *
You hear a splash.
The faun shoots a sling bullet.
The sling bullet hits you but does no damage.
You hear a splash.
The alligator snapping turtle bites you from afar!
* * * LOW HITPOINT WARNING * * *
Unknown command.
Drink which item? (? for menu, Esc to quit)
You feel much better. The harpy claws you!
* * * LOW HITPOINT WARNING * * *
The harpy barely misses you.
The merfolk throws a tomahawk.
The tomahawk hits you!
* * * LOW HITPOINT WARNING * * *
You hear a splash.
The faun shoots a sling bullet.
The sling bullet hits you.
* * * LOW HITPOINT WARNING * * *
You hear a splash.
The alligator snapping turtle bites you from afar!!
* * * LOW HITPOINT WARNING * * *
Drink which item? (? for menu, Esc to quit)
You feel much better.
The harpy screeches!
The siren chants her luring song.
You slice into the net. The harpy claws you!
* * * LOW HITPOINT WARNING * * *
The harpy closely misses you.
The alligator snapping turtle bites you from afar!!
You die...

≈≈≈.≈≈m.<.#....
≈≈≈≈≈≈≈≈≈≈.....#
≈≈≈≈≈≈≈≈≈≈≈....#
≈≈≈≈≈≈≈≈≈..<....##
≈≈≈≈≈≈≈≈≈≈≈≈c.....#..
≈≈≈≈≈≈≈≈≈≈m≈........≈
≈≈≈≈≈≈≈≈≈≈.....≈≈.>.≈
≈≈≈≈≈≈≈m≈...%(.#####.≈
≈≈≈≈≈≈≈≈@(..(..#
≈≈≈≈≈≈≈≈(......#
≈≈≈≈≈≈.Ht.....#
≈≈≈≈≈.m.......#
≈≈≈...........#
≈≈....≈≈≈....#
≈...≈≈≈≈≈...#
≈≈≈≈≈≈≈≈≈..# ≈≈≈≈≈≈≈..


You could see an alligator snapping turtle, a siren, 2 merfolk, a faun and a
harpy.

Table legend:
 A = Kills in this place as a percentage of kills in entire the game.
 B = Kills by you in this place as a percentage of kills by you in the entire game.
 C = Kills by friends in this place as a percentage of kills by friends in the entire game.
 D = Other kills in this place as a percentage of other kills in the entire game.
 E = Experience gained in this place as a percentage of experience gained in the entire game.
 F = Experience gained in this place divided by the number of levels of this place that you have seen.
                   A       B       C       D       E      F
               +-------+-------+-------+-------+-------+----------------------
         Total | 100.0 | 100.0 | 100.0 | 100.0 | 100.0 | 5303.5
       Dungeon |  42.7 |  43.3 |   5.9 |   0.0 |  25.2 | 3294.7
  Orcish Mines |  15.0 |  14.8 |  29.4 |   0.0 |   5.0 | 2444.0
          Lair |  22.0 |  21.5 |  47.1 |  66.7 |  25.6 | 6281.5
        Shoals |   2.2 |   2.3 |   0.0 |   0.0 |   5.8 | 3762.7
   Spider Nest |  13.3 |  13.4 |   5.9 |  33.3 |  33.1 | 12993.8
      Ice Cave |   4.7 |   4.6 |  11.8 |   0.0 |   5.4 | 10525.0
               +-------+-------+-------+-------+-------+----------------------

Vanquished Creatures
  3 ghost moths (Spider:5)
  3 emperor scorpions (Spider:5)
  Snorg (Lair:7)
  2 blizzard demons (IceCv)
  2 merfolk impalers (Shoals:1)
  A fire dragon (D:15)
  Harold (Lair:8)
  7 hydras
  2 centaur warriors (D:13)
  A ravenous item mimic (Spider:3)
  A merfolk aquamancer (Shoals:1)
  7 death yaks
  3 orc high priests (Orc:4)
  An alligator (Shoals:3)
  Urug (D:11)
  14 orb spiders
  4 ice devils (IceCv)
  2 sea snakes
  An unseen horror (shapeshifter) (D:14)
  An ice statue (IceCv)
  5 orc knights (Orc:4)
  4 red wasps
  A griffon (Lair:6)
  5 hill giants
  A lindwurm (Lair:8)
  27 wolf spiders
  4 cyclopes
  3 orc sorcerers (Orc:4)
  15 ugly things
  A water nymph (Shoals:1)
  A manticore (Shoals:2)
  3 mermaids
  9 spiny frogs
  2 elephants (Lair:8)
  Joseph (D:9)
  A moth of wrath (Spider:3)
  2 gargoyles
  An orange demon (Orc:4)
  4 torpor snails
  A yaktaur (D:15)
  7 black mambas
  An iron devil (Orc:4)
  8 fire drakes
  3 komodo dragons
  A kobold demonologist (D:15)
  A queen bee (Spider:2)
  7 demonic crawlers
  A redback zombie (D:15)
  3 anaconda simulacra (IceCv)
  A hydra zombie (D:14)
  A wind drake (Shoals:2)
  22 jumping spiders
  4 freezing wraiths
  A red devil (Orc:4)
  4 two-headed ogres
  5 snapping turtles
  2 hydra skeletons
  10 trolls
  3 merfolk
  3 boulder beetles
  3 basilisks
  A dire elephant simulacrum (IceCv)
  12 slime creatures (D:15)
  8 blink frogs
  13 trapdoor spiders
  20 tarantellas
  4 humans (D:13)
  22 redbacks
  A ynoxinul (Orc:4)
  38 yaks
  4 water elementals
  3 deep elf magi
  2 wyverns
  A wraith (D:15)
  A fire elemental (Lair:7)
  A hungry ghost (D:15)
  Grum (D:8)
  6 vampire mosquitoes
  The ghost of magipi the Chopper, an average HOSk (D:5)
  A deep elf fighter (D:14)
  3 harpy simulacra (IceCv)
  A human zombie (D:15)
  7 hippogriffs
  4 iron troll simulacra (IceCv)
  13 wolves
  A death yak simulacrum (IceCv)
  A soldier ant (D:15)
  A steam dragon (D:15)
  2 mottled dragons
  A warg (Orc:4)
  14 water moccasins
  A human skeleton (D:12)
  16 orc warriors
  2 hydra simulacra (IceCv)
  7 porcupines
  10 spiders
  An alligator simulacrum (IceCv)
  A phantom (D:6)
  3 ice beasts
  A black bear (D:9)
  A manticore zombie (D:14)
  A necrophage (D:10)
  4 sky beasts
  11 ogres
  3 boggarts (D:15)
  10 centaurs
  12 crocodiles
  2 boring beetles
  Sigmund (D:4)
  4 big kobolds
  24 giant frogs
  Blork the orc (Orc:1)
  4 brain worms
  A yaktaur skeleton (D:14)
  A gnoll sergeant (D:7)
  A tengu simulacrum (D:15)
  11 killer bees
  7 scorpions
  A troll zombie (D:8)
  3 wights (D:10)
  An eye of draining (D:14)
  3 quasits
  4 goliath beetles
  2 centaur zombies
  3 crimson imps
  2 electric eels (D:10)
  6 jellies
  23 hounds
  26 orc priests
  A giant frog zombie (D:11)
  34 orc wizards
  Crazy Yiuf (D:7)
  A giant frog skeleton (D:11)
  An iron imp (D:15)
  5 iguanas
  2 troll simulacra (IceCv)
  3 spriggan simulacra (IceCv)
  2 orange rats (Lair:8)
  7 worker ants
  2 polar bear simulacra (IceCv)
  2 centaur simulacra (IceCv)
  13 sheep
  A crocodile zombie (D:7)
  An ogre zombie (D:5)
  A big kobold skeleton (D:6)
  An ogre skeleton (D:7)
  A hound skeleton (D:10)
  27 green rats
  7 gnolls
  A naga simulacrum (IceCv)
  3 ogre simulacra (IceCv)
  21 adders
  6 shadow imps
  An inept feature mimic (D:10)
  6 white imps (IceCv)
  A giant mite (D:4)
  16 worms
  8 ufetubi (IceCv)
  An adder zombie (D:9)
  4 giant geckos
  156 orcs
  12 bats
  3 giant cockroaches
  25 goblins
  16 hobgoblins
  11 jackals
  38 kobolds
  5 quokkas
  3 ball pythons
  5 giant newts
  A giant spore (D:7)
  A hobgoblin skeleton (D:6)
  A hobgoblin zombie (D:6)
  11 rats
  A rat zombie (D:5)
  A ballistomycete (D:7)
  A butterfly (Lair:1)
  3 fungi
  3 plants
1121 creatures vanquished.

Vanquished Creatures (collateral kills)
  Arachne (Spider:2)
  A fire dragon (D:15)
  2 lindwurms (Lair:8)
  Psyche (Orc:1)
  A freezing wraith (IceCv)
  2 giant leeches (Lair:8)
  An iron troll simulacrum (IceCv)
  An orc wizard (Orc:1)
  An orange rat (Lair:8)
  3 worms (Lair:8)
  3 orcs (Orc:1)
17 creatures vanquished.

Vanquished Creatures (others)
  An orb spider (Spider:3)
  An elephant (Lair:8)
  A spiny frog (Lair:8)
  An orc wizard (Orc:4)
  2 white imps (IceCv)
  3 ufetubi (IceCv)
  A giant spore (D:8)
  4 fungi (Lair:8)
  6 plants
20 creatures vanquished.

Grand Total: 1158 creatures vanquished

Notes
Turn   | Place    | Note
--------------------------------------------------------------
     0 | D:1      | magipi, the Hill Orc Berserker, began the quest for the Orb.
     0 | D:1      | Reached XP level 1. HP: 19/19 MP: 1/1
   209 | D:1      | Reached XP level 2. HP: 19/26 MP: 2/2
   507 | D:1      | Reached skill level 5 in Axes
   524 | D:1      | Found a sparkling altar of Nemelex Xobeh.
   653 | D:2      | Acquired Trog's second power
   769 | D:2      | Reached XP level 3. HP: 29/31 MP: 3/3
   845 | D:2      | Found a glowing golden altar of the Shining One.
   943 | D:2      | Found a glowing silver altar of Zin.
  1069 | D:2      | Reached skill level 6 in Axes
  1101 | D:3      | Found a shattered altar of Ashenzari.
  1230 | D:3      | Reached XP level 4. HP: 30/39 MP: 4/4
  1262 | D:3      | Noticed magipi's ghost (average GrSk)
  1593 | D:2      | Reached skill level 7 in Axes
  1701 | D:3      | Reached XP level 5. HP: 40/45 MP: 5/5
  1843 | D:4      | Reached skill level 8 in Axes
  1859 | D:4      | Got a shimmering scale mail
  1877 | D:4      | Identified the cursed -1 scale mail of the Ward {rC+} (You found it on level 4 of the Dungeon)
  1922 | D:4      | Noticed Sigmund
  1941 | D:4      | Killed Sigmund
  1941 | D:4      | Reached XP level 6. HP: 51/51 MP: 6/6
  1954 | D:4      | Reached skill level 9 in Axes
  2208 | D:4      | Acquired Trog's third power
  2257 | D:4      | Reached XP level 7. HP: 27/60 MP: 7/7
  2558 | D:4      | Reached skill level 5 in Fighting
  2590 | D:5      | Entered Level 5 of the Dungeon
  2599 | D:5      | Noticed magipi's ghost (average HOSk)
  2785 | D:5      | Found a staircase to the Ecumenical Temple.
  2791 | Temple   | Entered the Ecumenical Temple
  2995 | D:5      | Killed magipi's ghost
  2995 | D:5      | Reached skill level 10 in Axes
  3434 | D:5      | Reached XP level 8. HP: 37/71 MP: 8/8
  4234 | D:6      | Found Zefag's Gadget Emporium.
  4747 | D:6      | Found a basalt altar of Yredelemnul.
  4765 | D:6      | Reached XP level 9. HP: 82/82 MP: 9/9
  4902 | D:6      | Reached skill level 5 in Dodging
  4908 | D:6      | Received a gift from Trog
  5406 | D:7      | Found a white marble altar of Elyvilon.
  5569 | D:7      | Reached skill level 5 in Armour
  5600 | D:7      | Noticed Crazy Yiuf
  5603 | D:7      | Killed Crazy Yiuf
  5684 | D:8      | Noticed Grum
  5785 | D:8      | Received a gift from Trog
  5849 | D:8      | Found a deep blue altar of Sif Muna.
  5849 | D:8      | Found a bloodstained altar of Trog.
  6004 | D:8      | Found a radiant altar of Vehumet.
  6095 | D:8      | Reached XP level 10. HP: 82/90 MP: 10/10
  6101 | D:8      | Killed Grum
  6362 | D:9      | Noticed Joseph
  6384 | D:9      | Killed Joseph
  6397 | D:9      | Gained mutation: You have sharp toenails. [potion of beneficial mutation]
  6459 | D:9      | Found a shimmering altar of Xom.
  6520 | D:9      | Found Kleerghef's Food Boutique.
  6577 | D:9      | Found a staircase to the Orcish Mines.
  6689 | D:9      | Received a gift from Trog
  6756 | D:10     | Entered Level 10 of the Dungeon
  6959 | D:10     | Noticed a hill giant
  6966 | D:10     | Killed a hill giant
  7143 | D:10     | Reached XP level 11. HP: 95/95 MP: 11/11
  7257 | D:10     | Found a staircase to the Lair.
  7404 | D:10     | Reached skill level 10 in Armour
  7572 | D:11     | Noticed Urug
  7588 | D:11     | Killed Urug
  7756 | D:11     | Noticed a hill giant
  7766 | D:11     | Killed a hill giant
  7803 | D:11     | Received a gift from Trog
  7804 | D:11     | Noticed a hill giant
  7818 | D:11     | Killed a hill giant
  7818 | D:11     | Reached skill level 11 in Armour
  8093 | D:11     | Reached skill level 10 in Dodging
  8157 | D:11     | Found Xuatyac's Jewellery Shop.
  8166 | D:11     | Bought an uncursed ring of regeneration for 390 gold pieces
  8563 | D:12     | Got an encrusted leather armour
  8623 | D:12     | Reached XP level 12. HP: 91/103 MP: 12/12
  8732 | D:12     | Received a gift from Trog
  8738 | D:12     | Got a warped hand axe {god gift}
  8739 | D:12     | Identified the +2 hand axe "Xom's Full Attention" {chop, rF+ rC+ Dex+2} (Trog gifted it to you on level 12 of the Dungeon)
  8808 | D:12     | Reached skill level 12 in Armour
  8947 | D:13     | Noticed a centaur warrior
  9007 | D:13     | Killed a centaur warrior
  9088 | D:13     | Noticed a centaur warrior
  9100 | D:13     | Killed a centaur warrior
  9248 | Orc:1    | Entered Level 1 of the Orcish Mines
  9251 | Orc:1    | Noticed Psyche
  9255 | Orc:1    | Killed Psyche
  9368 | Orc:2    | Found a roughly hewn altar of Beogh.
  9383 | Orc:2    | Reached skill level 13 in Axes
  9503 | Orc:1    | Found a burning altar of Makhleb.
  9532 | Orc:1    | Received a gift from Trog
  9824 | Orc:2    | Found Ewkown's Jewellery Shop.
  9828 | Orc:2    | Received a gift from Trog
  9918 | Orc:1    | Noticed Blork the orc
  9923 | Orc:1    | Killed Blork the orc
 10004 | Orc:2    | Bought a cursed ring of loudness for 67 gold pieces
 10185 | Orc:4    | Entered Level 4 of the Orcish Mines
 10187 | Orc:4    | Found a staircase to the Elven Halls.
 10321 | Orc:4    | Received a gift from Trog
 10321 | Orc:4    | Reached skill level 14 in Axes
 10538 | Orc:4    | Noticed an orc high priest
 10726 | D:6      | Bought a wand of confusion (7) for 93 gold pieces
 10726 | D:6      | Bought a wand of digging (18) for 616 gold pieces
 11291 | Orc:4    | Killed an orc high priest
 11308 | Orc:4    | Noticed an orc high priest
 11322 | Orc:4    | Killed an orc high priest
 11322 | Orc:4    | Reached skill level 15 in Axes
 11391 | Orc:4    | Received a gift from Trog
 11425 | Orc:4    | Reached XP level 13. HP: 103/111 MP: 13/13
 11437 | Orc:4    | Noticed an orc high priest
 11464 | Orc:4    | Killed an orc high priest
 11484 | Orc:4    | Found Brogor's Antique Weapon Emporium.
 11528 | Orc:4    | Found Phyagh's Gadget Shop.
 11529 | Orc:4    | Found Tupiluvy's Jewellery Shop.
 11530 | Orc:4    | Found Semilu's Antique Armour Emporium.
 11543 | Orc:4    | Bought a pair of glowing boots for 135 gold pieces
 11543 | Orc:4    | Bought a pair of runed boots for 135 gold pieces
 11549 | Orc:4    | Identified a +0 pair of boots of running (You bought it in a shop on level 4 of the Orcish Mines)
 11559 | Orc:4    | Identified a +0 pair of boots of running (You bought it in a shop on level 4 of the Orcish Mines)
 11571 | Orc:4    | Identified the +0 leather armour of Eternal Night {rN+ Int-2} (You found it on level 12 of the Dungeon)
 11749 | Lair:1   | Entered Level 1 of the Lair of Beasts
 11765 | Lair:1   | Reached skill level 10 in Fighting
 12018 | Lair:2   | Reached skill level 16 in Axes
 12018 | Lair:2   | Reached skill level 1 in Evocations
 12082 | Lair:2   | Got a distressingly furry helmet
 12093 | Lair:2   | Identified the +1 helmet of Tremyet {Str+1 Int+3} (You found it on level 2 of the Lair of Beasts)
 12297 | Lair:2   | Received a gift from Trog
 12301 | Lair:2   | Got a warped battleaxe {god gift}
 12302 | Lair:2   | Identified the +11 battleaxe of the Seven Lives {chop, rN+ SInv} (Trog gifted it to you on level 2 of the Lair of Beasts)
 12835 | Lair:5   | Reached skill level 5 in Evocations
 13000 | Lair:5   | Received a gift from Trog
 13176 | Lair:7   | Reached skill level 17 in Axes
 13260 | Lair:7   | Noticed Snorg
 13272 | Lair:7   | Killed Snorg
 13351 | Lair:8   | Entered Level 8 of the Lair of Beasts
 13639 | Lair:8   | Reached XP level 14. HP: 82/121 MP: 24/24
 14017 | Lair:8   | Found a staircase to the Slime Pits.
 14017 | Lair:8   | Found a viscous altar of Jiyva.
 14038 | Lair:8   | Noticed Harold
 14058 | Lair:8   | Killed Harold
 14134 | Lair:8   | Received a gift from Trog
 14173 | Lair:8   | Reached skill level 18 in Axes
 14996 | Lair:6   | Received a gift from Trog
 15191 | Lair:5   | Reached skill level 10 in Evocations
 15359 | Lair:6   | Found a staircase to the Shoals.
 15724 | Lair:4   | Reached skill level 19 in Axes
 15890 | Lair:4   | Found a hole to the Spider Nest.
 16450 | D:13     | Received a gift from Trog
 16456 | D:13     | Got a smoking executioner's axe {god gift}
 16460 | D:13     | Identified the +1 executioner's axe of Quarrel {freeze, rC+ Int+4} (Trog gifted it to you on level 13 of the Dungeon)
 16764 | D:14     | Reached XP level 15. HP: 119/126 MP: 29/29
 17165 | D:14     | Reached skill level 20 in Axes
 17399 | D:15     | Entered Level 15 of the Dungeon
 17778 | D:15     | Received a gift from Trog
 17878 | D:15     | Found a staircase to the Depths.
 17932 | D:15     | Reached skill level 21 in Axes
 18230 | D:11     | Bought the amulet "Kloptib" {Faith rC+ Dex+3 SInv} for 838 gold pieces
 18516 | Spider:1 | Entered Level 1 of the Spider Nest
 18738 | Spider:2 | Got a shimmering copper ring
 18739 | Spider:2 | Identified the ring of Prigi {rN+ Dex+1 Int+1} (You found it on level 2 of the Spider Nest)
 18987 | Spider:2 | Noticed Arachne
 19058 | Spider:3 | Reached skill level 22 in Axes
 19090 | Spider:3 | Received a gift from Trog
 19118 | Spider:3 | Noticed Yazd's ghost (mighty DgFE)
 19423 | Spider:4 | Reached XP level 16. HP: 34/134 MP: 29/29
 19668 | Spider:5 | Entered Level 5 of the Spider Nest
 19737 | Spider:5 | Identified a scroll of acquirement
 19742 | Spider:5 | Found a frozen archway.
 19747 | Spider:5 | Reached skill level 23 in Axes
 19761 | IceCv    | Entered an ice cave
 19770 | IceCv    | Received a gift from Trog
 19773 | IceCv    | Got a crude battleaxe {god gift}
 19774 | IceCv    | Identified the +4 battleaxe of Tiupus {flame, Dex+3} (Trog gifted it to you in an ice cave)
 20711 | Spider:5 | Reached skill level 24 in Axes
 20778 | Spider:5 | Received a gift from Trog
 21503 | Spider:5 | Reached skill level 1 in Throwing
 21505 | Spider:5 | Received a gift from Trog
 21642 | Spider:5 | Got a gossamer rune of Zot
 21776 | Spider:4 | Reached XP level 17. HP: 112/140 MP: 30/30
 21874 | Spider:2 | Got a twisted blowgun
 21892 | Spider:2 | Killed Arachne
 22126 | Shoals:1 | Entered Level 1 of the Shoals
 22267 | Shoals:1 | Got a smoking ring mail
 22286 | Shoals:1 | Identified the cursed +1 ring mail of Shielding {rF++ Stlth---} (You found it on level 1 of the Shoals)
 22435 | Shoals:2 | Got a faintly glowing iron ring
 22443 | Shoals:2 | Identified the ring of Trajas {SustAb Str+3 Dex+2} (You found it on level 2 of the Shoals)
 22645 | Shoals:3 | Received a gift from Trog
 22648 | Shoals:3 | HP: 7/140 [alligator snapping turtle (39)]
 22650 | Shoals:3 | HP: 2/140 [alligator snapping turtle (18)]
 22652 | Shoals:3 | Slain by an alligator snapping turtle

Action                   |  1- 3 |  4- 6 |  7- 9 | 10-12 | 13-15 | 16-18 || total
-------------------------+-------+-------+-------+-------+-------+-------++-------
Melee: Hand axe          |   131 |   200 |   421 |       |       |       ||   752
       Battleaxe         |       |       |    64 |   134 |  1149 |   466 ||  1813
       Broad axe         |       |       |    33 |   681 |       |       ||   714
 Fire: Blowgun           |       |       |    19 |    20 |    42 |    69 ||   150
Throw: Javelin           |       |       |     3 |    23 |     6 |     5 ||    37
       Throwing net      |       |       |       |     1 |       |       ||     1
Invok: Berserk           |     1 |     2 |     7 |     9 |     4 |     2 ||    25
       Trog's Hand       |       |     1 |       |     3 |     6 |     1 ||    11
       Brothers in Arms  |       |       |       |     1 |     3 |     2 ||     6
       Burn Spellbooks   |       |       |       |       |     1 |       ||     1
Evoke: Wand              |       |       |     1 |     8 |    13 |    10 ||    32
  Use: Scroll            |     2 |    15 |     4 |     8 |    11 |     4 ||    44
       Potion            |       |       |       |     1 |     1 |    11 ||    13
 Stab: Distracted        |       |       |     1 |       |       |       ||     1
       Sleeping          |       |       |       |       |     1 |     3 ||     4
  Eat: Meat ration       |     1 |       |       |       |       |       ||     1
       Chunk             |       |     1 |    11 |     9 |     8 |       ||    29
       Royal jelly       |       |     1 |       |       |     1 |     4 ||     6
       Fruit             |       |       |     4 |     1 |    13 |       ||    18
       Pizza             |       |       |     1 |     3 |       |       ||     4
       Bread ration      |       |       |     1 |     3 |     3 |     3 ||    10
       Beef jerky        |       |       |       |     6 |     4 |       ||    10

Action                   |  1- 3 |  4- 6 |  7- 9 | 10-12 | 13-15 | 16-18 || total
-------------------------+-------+-------+-------+-------+-------+-------++-------
Melee: Hand axe          |   131 |   200 |   421 |       |       |       ||   752
       Battleaxe         |       |       |    64 |   134 |  1149 |   466 ||  1813
       Broad axe         |       |       |    33 |   681 |       |       ||   714
 Fire: Blowgun           |       |       |    19 |    20 |    42 |    69 ||   150
Throw: Javelin           |       |       |     3 |    23 |     6 |     5 ||    37
       Throwing net      |       |       |       |     1 |       |       ||     1
Invok: Berserk           |     1 |     2 |     7 |     9 |     4 |     2 ||    25
       Trog's Hand       |       |     1 |       |     3 |     6 |     1 ||    11
       Brothers in Arms  |       |       |       |     1 |     3 |     2 ||     6
       Burn Spellbooks   |       |       |       |       |     1 |       ||     1
Evoke: Wand              |       |       |     1 |     8 |    13 |    10 ||    32
  Use: Scroll            |     2 |    15 |     4 |     8 |    11 |     4 ||    44
       Potion            |       |       |       |     1 |     1 |    11 ||    13
 Stab: Distracted        |       |       |     1 |       |       |       ||     1
       Sleeping          |       |       |       |       |     1 |     3 ||     4
  Eat: Meat ration       |     1 |       |       |       |       |       ||     1
       Chunk             |       |     1 |    11 |     9 |     8 |       ||    29
       Royal jelly       |       |     1 |       |       |     1 |     4 ||     6
       Fruit             |       |       |     4 |     1 |    13 |       ||    18
       Pizza             |       |       |     1 |     3 |       |       ||     4
       Bread ration      |       |       |     1 |     3 |     3 |     3 ||    10
       Beef jerky        |       |       |       |     6 |     4 |       ||    10

Action                   |  1- 3 |  4- 6 |  7- 9 | 10-12 | 13-15 | 16-18 || total
-------------------------+-------+-------+-------+-------+-------+-------++-------
Melee: Hand axe          |   131 |   200 |   421 |       |       |       ||   752
       Battleaxe         |       |       |    64 |   134 |  1149 |   466 ||  1813
       Broad axe         |       |       |    33 |   681 |       |       ||   714
 Fire: Blowgun           |       |       |    19 |    20 |    42 |    69 ||   150
Throw: Javelin           |       |       |     3 |    23 |     6 |     5 ||    37
       Throwing net      |       |       |       |     1 |       |       ||     1
Invok: Berserk           |     1 |     2 |     7 |     9 |     4 |     2 ||    25
       Trog's Hand       |       |     1 |       |     3 |     6 |     1 ||    11
       Brothers in Arms  |       |       |       |     1 |     3 |     2 ||     6
       Burn Spellbooks   |       |       |       |       |     1 |       ||     1
Evoke: Wand              |       |       |     1 |     8 |    13 |    10 ||    32
  Use: Scroll            |     2 |    15 |     4 |     8 |    11 |     4 ||    44
       Potion            |       |       |       |     1 |     1 |    11 ||    13
 Stab: Distracted        |       |       |     1 |       |       |       ||     1
       Sleeping          |       |       |       |       |     1 |     3 ||     4
  Eat: Meat ration       |     1 |       |       |       |       |       ||     1
       Chunk             |       |     1 |    11 |     9 |     8 |       ||    29
       Royal jelly       |       |     1 |       |       |     1 |     4 ||     6
       Fruit             |       |       |     4 |     1 |    13 |       ||    18
       Pizza             |       |       |     1 |     3 |       |       ||     4
       Bread ration      |       |       |     1 |     3 |     3 |     3 ||    10
       Beef jerky        |       |       |       |     6 |     4 |       ||    10
